 Dungeon Crawl Stone Soup version 0.28-a0-851-g8b9cc49659 (webtiles) character file.

Game seed: 17911921291002042949

4 FilthyApe the Poker (level 1, 18/18 HPs)
             Began as a Minotaur Gladiator on Oct 27, 2021.
             Quit the game on level 1 of the Dungeon on Nov 15, 2021.
             The game lasted 00:00:43 (23 turns).

FilthyApe the Poker (Minotaur Gladiator)              Turns: 23, Time: 00:00:44

Health: 18/18      AC:  3    Str: 18    XL:     1   Next: 50%
Magic:  0/0        EV: 12    Int:  5    God:
Gold:   0          SH:  0    Dex: 11    Spells: 0/0 levels left

rFire   . . .      SeeInvis .   a - +0 trident
rCold   . . .      Faith    .   (no shield)
rNeg    . . .      Spirit   .   b - +0 leather armour
rPois   .          Reflect  .   c - +0 hat
rElec   .          Harm     .   (no cloak)
rCorr   .          Rampage  .   (no gloves)
Will    .....                   (no boots)
Stlth   +.........              (no amulet)
HPRegen 0.06/turn               (no ring)
MPRegen 0.07/turn               (no ring)

@: no status effects
A: horns 2, retaliatory headbutt
a: no special abilities


You were on level 1 of the Dungeon.
You visited 1 branch of the dungeon, and saw 1 of its levels.

Inventory:

Hand Weapons
 a - a +0 trident (weapon)
Missiles
 d - 3 throwing nets (quivered)
Armour
 b - a +0 leather armour (worn)
 c - a +0 hat (worn)
Scrolls
 e - a scroll of enchant armour {unknown}


   Skills:
 + Level 2.4 Fighting
 + Level 3.8 Polearms
 + Level 2.0 Throwing
 + Level 3.3 Dodging


You couldn't memorise any spells.
You didn't know any spells.
Your spell library was empty.

Dungeon Overview and Level Annotations

Branches:
Dungeon (1/15)

Altars:


Innate Abilities, Weirdness & Mutations

You have a pair of horns on your head.
You reflexively headbutt those who attack you in melee.


Message History

Welcome, FilthyApe the Minotaur Gladiator.
Will you be the one to retrieve the glorious Orb of Zot from the depths?
Press ? for a list of commands and other information.
Found 24 stones and a leather armour.
Found a staircase leading out of the dungeon.
Welcome back, FilthyApe the Minotaur Gladiator.
Press ? for a list of commands and other information.
You enter the shallow water.
Moving in this stuff is going to be slow.
A dart slug comes into view.
A giant cockroach comes into view.
You reach to attack!
The helpless giant cockroach fails to defend itself.
You hit the giant cockroach.
The giant cockroach is severely wounded.
You hit the giant cockroach.
You kill the giant cockroach!
The dart slug misses you. You furiously retaliate!
You headbutt the dart slug. You hit the dart slug but do no damage.
The dart slug is moderately wounded.
You completely miss the dart slug.
The dart slug is moderately wounded.
The dart slug bites you but does no damage.
You hit the dart slug. You headbutt the dart slug.
You kill the dart slug!
No target in view!
No target in view!
e - a scroll labelled NUAPTIT RIMIM Autopickup is now off.
Autopickup is now on.
You aren't carrying any potions.
Are you sure you want to abandon this character and quit the game? (Confirm with "yes".)

#........# #.
#...#.#..# #..
#...#.#..#
#..##...#....###
..............#
##........†.....#
....##..#.......#
...........##..###
........@..# ..#
..........##..#### ##
##.#######........
..####...####.....#####
....#..≈..#.....#......
..≈...[≈....≈..8#######
(..≈..≈≈≈..≈...##
....≈≈≈≈≈≈≈.....#
..≈≈≈≈...≈≈≈≈....#


There were no monsters in sight!

Vanquished Creatures
  A dart slug (D:1)
  A giant cockroach (D:1)
2 creatures vanquished.

Notes
Turn   | Place    | Note
-------+----------+-------------------------------------------
     0 | D:1      | FilthyApe the Minotaur Gladiator began the quest for the
                  | Orb.
     0 | D:1      | Reached XP level 1. HP: 18/18 MP: 0/0
     0 | D:1      | Upgraded the game from 0.28-a0-726-g4a9143789a to
                  | 0.28-a0-851-g8b9cc49659
    23 | D:1      | Quit the game

Illustrated notes

Levels and vault maps discovered:
D:1:      eino_arrival_water_star, layout_basic,
          hellmonk_ecumenical_altar_inner_sanctum, nrook_mini_backslash

Action                   || total
-------------------------++-------
Melee: Trident           ||     5
       Headbutt          ||     1
 Stab: Sleeping          ||     1
Armor: Leather armour    ||     1
Dodge: Dodged            ||     1

Table legend: (Time is in decaauts)
 A = Elapsed time spent in this place.
 B = Non-inter-level travel time spent in this place.
 C = Inter-level travel time spent in this place.
 D = Time resting spent in this place.
 E = Time spent auto-exploring this place.
 F = Levels seen in this place.
 G = Mean time per level.
                   A        B        C        D        E       F      G
               +--------+--------+--------+--------+--------+-----+--------+
         Total |     24 |     24 |      0 |      0 |     13 |   1 |   24.0 |
       Dungeon |     24 |     24 |      0 |      0 |     13 |   1 |   24.0 |
               +--------+--------+--------+--------+--------+-----+--------+

Top non-repeatable levels by time:
     D:1: 24 daAuts
